 Dungeon Crawl Stone Soup version 0.30-a0-311-gf115ab0292 (webtiles) character file.

Game seed: 11472320906888153417

193955 Ijustatesigmund the Blocker (level 18, -5/146 HPs)
             Began as a Gnoll Fighter on Oct 24, 2022.
             Was the Champion of Cheibriados.
             Slain by a spriggan berserker
             ... wielding a +0 quarterstaff
              (21 damage)
             ... on level 2 of the Swamp on Oct 25, 2022.
             The game lasted 01:16:07 (28928 turns).

Ijustatesigmund the Blocker (Gnoll Fighter)        Turns: 28928, Time: 01:16:08

Health: -5/146     AC: 19    Str: 41    XL:     18   Next: 28%
Magic:  20/34      EV: 27    Int: 26    God:    Cheibriados [******]
Gold:   4113       SH: 19    Dex: 35    Spells: 34/42 levels left

rFire   . . .      SeeInvis +    L - +8 war axe "Arbiter" {freeze, rPois rN++ Int-2 Dex+3}
rCold   + + .      Faith    .    c - +2 kite shield {rC+}
rNeg    + + .      Spirit   .    B - +4 ring mail of the Living Nightingale {Str+5}
rPois   +          Reflect  .    X - +2 hat {SInv}
rElec   .          Harm     .    b - scarf {repulsion}
rCorr   +          Rampage  .    M - +1 pair of gloves "Epni" {rC+ Dex+4}
Will    ++...                    D - +1 pair of boots {Fly}
Stlth   ++++++....               S - amulet of regeneration
HPRegen 1.24/turn                T - ring of willpower
MPRegen 0.24/turn                N - ring of Vamice {Fly rCorr Str+4 Slay+4}

@: flying, studying Hexes, repel missiles, very slow
A: fangs 1, strong nose, distributed training
}: 1/15 runes: gossamer
a: Renounce Religion, Bend Time, Temporal Distortion, Slouch, Step From Time


You were on level 2 of the Swamp.
You worshipped Cheibriados.
Cheibriados was exalted by your worship.
You visited 6 branches of the dungeon, and saw 29 of its levels.
You also visited: Bailey, Gauntlet and Ice Cave.

You collected 4522 gold pieces.
You spent 409 gold pieces at shops.

Inventory:

Hand Weapons
 a - a +3 vorpal war axe
 C - the +10 mace of Darkness {venom, Will+ rCorr Dex+2}
   (You found it on level 4 of the Dungeon)

   It poisons the flesh of those it strikes.
   Dex:       It affects your dexterity (+2).
   rCorr:     It protects you from acid and corrosion.
   Will:      It increases your willpower.
 L - the +8 war axe "Arbiter" (weapon) {freeze, rPois rN++ Int-2 Dex+3}
   (You found it in a bailey)

   It freezes those it strikes, dealing additional cold damage.
   It can also slow down cold-blooded creatures.
   Int:       It affects your intelligence (-2).
   Dex:       It affects your dexterity (+3).
   rPois:     It protects you from poison.
   rN:        It greatly protects you from negative energy.
Missiles
 p - 13 silver javelins (quivered)
 w - 2 throwing nets
Armour
 b - a scarf of repulsion (worn)
 c - a +2 kite shield of cold resistance (worn)
 q - +2 ice dragon scales
 B - the +4 ring mail of the Living Nightingale (worn) {Str+5}
   (You found it on level 4 of the Dungeon)

   Str:       It affects your strength (+5).
 D - a +1 pair of boots of flying (worn)
 M - the +1 pair of gloves "Epni" (worn) {rC+ Dex+4}
   (You found it in a Gauntlet)

   Dex:       It affects your dexterity (+4).
   rC:        It protects you from cold.
 X - a +2 hat of see invisible (worn)
 Y - the +3 scale mail "Hudwab" {rF+++ Str-4 Dex+3 Slay+2}
   (You found it on level 4 of the Lair of Beasts)

   Str:       It affects your strength (-4).
   Dex:       It affects your dexterity (+3).
   Slay:      It affects your accuracy & damage with ranged weapons and melee
   (+2).
   rF:        It renders you almost immune to fire.
Jewellery
 g - a ring of protection from cold
 v - a ring of fire
 A - a ring of protection from cold
 N - the ring of Vamice (right hand) {Fly rCorr Str+4 Slay+4}
   (You took it off a minotaur in a Gauntlet)

   [ring of slaying]

   Str:       It affects your strength (+4).
   Slay:      It affects your accuracy & damage with ranged weapons and melee
   (+4).
   Fly:       It grants you flight.
   rCorr:     It protects you from acid and corrosion.
 S - an amulet of regeneration (around neck)
 T - a ring of willpower (left hand)
Wands
 E - a wand of paralysis (34)
 G - a wand of digging (11)
 I - a wand of acid (13)
 J - a wand of flame (49)
 Q - a wand of polymorph (6)
 V - a wand of iceblast (17)
Scrolls
 e - 5 scrolls of enchant armour
 i - 8 scrolls of amnesia
 k - 11 scrolls of teleportation
 r - 3 scrolls of vulnerability
 s - 7 scrolls of noise
 u - 4 scrolls of butterflies
 y - 3 scrolls of immolation
 z - 5 scrolls of fear
 F - 5 scrolls of torment
 H - a scroll of brand weapon
 P - 12 scrolls of identify
 R - 2 scrolls of enchant weapon
 U - a scroll of blinking
 Z - 2 scrolls of magic mapping
Potions
 d - 4 potions of might
 f - 5 potions of ambrosia
 h - 4 potions of flight
 m - 4 potions of lignification
 n - 6 potions of mutation
 o - 12 potions of curing
 t - 4 potions of magic
 x - 4 potions of invisibility
 K - 9 potions of brilliance
 O - 3 potions of cancellation
 W - a potion of resistance
Miscellaneous
 l - a condenser vane


   Skills:
 + Level 14.1 Fighting
 + Level 12.7 Short Blades
 + Level 12.7 Long Blades
 + Level 13.4 Axes
 + Level 12.7 Maces & Flails
 + Level 12.7 Polearms
 + Level 12.7 Staves
 + Level 12.7 Ranged Weapons
 + Level 12.7 Throwing
 + Level 14.1 Armour
 + Level 12.7 Dodging
 + Level 12.7 Stealth
 + Level 14.1 Shields
 + Level 12.7 Unarmed Combat
 + Level 12.7 Spellcasting
 + Level 10.7 Conjurations
 + Level 12.5 Hexes
 + Level 10.7 Summonings
 + Level 10.7 Necromancy
 + Level 10.7 Translocations
 + Level 10.7 Transmutations
 + Level 10.7 Fire Magic
 + Level 10.7 Ice Magic
 + Level 10.7 Air Magic
 + Level 10.7 Earth Magic
 + Level 10.7 Poison Magic
 + Level 13.8 Invocations
 + Level 12.7 Evocations


You had 34 spell levels left.
You knew the following spells:

 Your Spells              Type           Power      Damage    Failure   Level
a - Stone Arrow           Conj/Erth      100%       3d13      1%          3
b - Poisonous Vapours     Pois/Air       100%       N/A       1%          2
c - Mephitic Cloud        Conj/Pois/Air  64%        N/A       1%          3

Your spell library contained the following spells:

 Spells                   Type           Power      Damage    Failure   Level
 Beastly Appendage        Tmut           100%       N/A       1%          1
 Foxfire                  Conj/Fire      100%       2x1d9     1%          1
 Freeze                   Ice            100%       1d10      1%          1
 Magic Dart               Conj           100%       1d8       1%          1
 Slow                     Hex            100%       N/A       1%          1
 Sting                    Tmut/Pois      100%       1d8       1%          1
 Cigotuvi's Dreadful Rot  Necr/Pois/Air  100%       N/A       1%          2
 Searing Ray              Conj           100%       2d8       1%          2
 Wereblood                Tmut           64%        N/A       1%          2
 Confusing Touch          Hex            69%        N/A       1%          3
 Dazzling Flash           Conj/Hex       100%       N/A       1%          3
 Inner Flame              Hex/Fire       67%        N/A       1%          3
 Kindle Blastsparks       Fire/Tloc/Air  100%       2d18      1%          3
 Ozocubu's Armour         Ice            64%        N/A       1%          3
 Spider Form              Tmut/Pois      64%        N/A       1%          3
 Vampiric Draining        Necr           64%        2d10      1%          3
 Animate Armour           Summ/Erth      100%       N/A       1%          4
 Dispel Undead            Necr           64%        3d22      1%          4
 Flame Wave               Conj/Fire      64%        2d15      1%          4
 Fulminant Prism          Conj/Hex       33%        3d16      1%          4
 Iskenderun's Mystic Bla  Conj/Tloc      64%        2d13      1%          4
 Manifold Assault         Tloc           64%        N/A       1%          4
 Olgreb's Toxic Radiance  Pois           64%        N/A       1%          4
 Sticky Flame             Conj/Fire      64%        2d8       1%          4
 Summon Ice Beast         Ice/Summ       64%        N/A       1%          4
 Summon Lightning Spire   Summ/Air       64%        N/A       1%          4
 Metabolic Englaciation   Hex/Ice        33%        N/A       1%          5
 Silence                  Hex/Air        33%        N/A       1%          5
 Summon Mana Viper        Hex/Summ       67%        N/A       1%          5
 Agony                    Necr           64%        N/A       2%          5
 Blade Hands              Tmut           32%        N/A       2%          5
 Irradiate                Conj/Tmut      32%        3d22      2%          5
 Lee's Rapid Deconstruct  Erth           32%        3d16*     2%          5
 Death Channel            Necr           32%        N/A       14%         6
 Dispersal                Tloc           32%        N/A       14%         6
 Simulacrum               Ice/Necr       32%        N/A       14%         6
 Starburst                Conj/Fire      32%        6d10      14%         6
 Dragon Form              Tmut           32%        N/A       61%         7
 Monstrous Menagerie      Summ           32%        N/A       61%         7
 Storm Form               Tmut/Air       32%        N/A       61%         7
 Disjunction              Tloc           32%        N/A       99%         8
 Ignition                 Fire           32%        3d10      99%         8
 Lehudib's Crystal Spear  Conj/Erth      32%        10d8      99%         8
 Maxwell's Capacitive Co  Air            32%        ∞         99%         8


Dungeon Overview and Level Annotations

Branches:
Dungeon (15/15)            Temple (1/1) D:7            Lair (5/5) D:11
  Swamp (2/4) Lair:2       Spider (4/4) Lair:3        Slime (0/5) Lair:4
    Orc (2/2) D:10            Elf (0/3) Orc:2        Vaults (0/5) D:13
 Depths (0/4) D:15         Bailey (visited)           IceCv (visited)
Gauntlet (visited)

Altars:
Ashenzari
Cheibriados
Dithmenos
Elyvilon
Fedhas
Gozag
Hepliaklqana
Kikubaaqudgha
Makhleb
Nemelex Xobeh
Okawaru
Qazlal
Ru
Sif Muna
Trog
Uskayaw
Vehumet
Wu Jian
Xom
Yredelemnul
Zin
The Shining One
Lugonu

Shops:
D:8 [   D:12 ?   Orc:1 =   Orc:2 [*[*

Portals:
Abyss: Lair:5

Annotations:
Lair:1 2 transporters, foxfromabyss's ghost, journeyman KoBe
Swamp:2 1 transporter, exclusion: orange crystal statue


Innate Abilities, Weirdness & Mutations

You have very sharp teeth.
Your uncanny sense of smell can sniff out nearby items.
Your experience applies equally to all skills.


Message History

You freeze the spriggan berserker. The grasping roots constrict you!
You block the ghoul's attack. The ghoul claws you.
The spriggan berserker utters an invocation to Trog.
The spriggan berserker goes berserk!
The death yak completely misses you. The fenstrider witch hits you!
You block the fenstrider witch's attack.
The roots grasp on you weakens, but your attempt to escape fails.
The spriggan berserker closely misses you.
Your four-headed hydra bites the fenstrider witch but does no damage.
Your four-headed hydra bites the fenstrider witch.
Your four-headed hydra barely misses the fenstrider witch.
Your four-headed hydra bites the fenstrider witch!
The swamp dragon barely misses you. You block the swamp dragon's attack.
The swamp dragon completely misses you.
Your spriggan rider hits the orange crystal statue but does no damage.
You block the spriggan air mage's attack.
The death yak barely misses you.
The spriggan berserker hits you with a +0 quarterstaff!!
* * * LOW HITPOINT WARNING * * *
You block the ghoul's attack. The ghoul claws you but does no damage.
The fenstrider witch casts a spell at you.
You resist with significant effort.
The orange crystal statue fixes its piercing gaze on you.
You feel your power leaking away. The grasping roots constrict you.
* * * LOW HITPOINT WARNING * * *
The spriggan air mage waves its arms in wide circles.
The air twists around and strikes you!!
* * * LOW HITPOINT WARNING * * *
You step out of the flow of time.
You hear a shout! x2; You hear a bellow!
You hear a shout!
You hear a bellow!
You hear a shout! x4; You hear a bellow!
You hear a shout! x2
You hear a bellow! x6
You return to the normal time flow.
The spriggan berserker shouts!
The fenstrider witch shouts!
The spriggan air mage shouts! x2
You block the fenstrider witch's attack.
The fenstrider witch completely misses you.
The spriggan berserker hits you with a +0 quarterstaff!!
You die...

~~~.♣ ...~♣
§.~~..♣♣♣♣♣♣♣♣..~~
♣♣♣~♣♣♣..~..♣........... ♣
♣♣♣♣~.~~.♣..#########. ♣
♣.~~~.....##..!n...##.~~.♣ ♣
♣♣~~~..~~~.#8i....f.8#.~~.♣
♣♣.~~~~.~.~.#.).......#..~.♣
♣♣..~~~~..~..#..i......#...~♣
♣....~~~~...©#..@.8...©#©.~.♣
~~~♣..~~~....#..H....[.#..~♣
~~.♣♣...~~~♣.#......i.(#†..♣
...♣♣~..~~.♣.#8.......8#.~~♣♣
♣~♣♣♣♣~....♣.##....i..##..~~♣
...♣♣♣♣♣♣..♣..#########..~.♣♣
.~..♣ ♣♣♣♣♣...........♣~♣♣
~...♣ ♣♣♣♣♣♣♣♣♣♣♣♣♣♣♣ ...♣♣


You could see a ghoul, a shambling mangrove (wandering), an orange crystal
statue, a fenstrider witch, 2 spriggan berserkers and 2 spriggan air magi.

Vanquished Creatures
  A shard shrike (IceCv)
  Agnes (D:14)
  A thorn hunter (Swamp:1)
  An emperor scorpion (Spider:1)
  5 ghost moths (Spider:4)
  An orc warlord (Orc:2)
  3 eleionomae
  A white draconian (IceCv)
  Nessos (Lair:5)
  A minotaur (Gauntlet)
  5 spark wasps (Spider:4)
  Azrael (D:12)
  2 bunyips
  Snorg (D:13)
  Josephine (Lair:5)
  2 entropy weavers
  An ice dragon (IceCv)
  Erolcha (D:11)
  2 ogre magi (D:15)
  2 ironbound frosthearts (IceCv)
  14 two-headed ogres
  4 tengu warriors
  An anaconda (Lair:1)
  4 radroaches
  4 boulder beetles
  4 hydras
  5 alligators
  5 centaur warriors
  A death scarab (Gauntlet)
  2 death yaks (Lair:1)
  Urug (D:13)
  5 orc high priests (Orc:2)
  2 thrashing horrors (Lair:5)
  Nergalle (D:11)
  Sonja (D:13)
  A fire crab (Lair:1)
  A death drake (Swamp:2)
  2 pharaoh ants
  2 spriggan druids
  4 skeletal warriors (D:15)
  2 sun moths
  3 goliath frogs
  6 orb spiders
  10 steelbarb worms
  A bog body (Swamp:2)
  2 swamp dragons (Swamp:1)
  An orange crystal statue (IceCv)
  8 deep elf pyromancers
  The ghost of twist the Cudgeller, a novice GnCA of Ignis (D:6)
  5 orc knights
  8 wolf spiders
  23 ugly things
  7 orc sorcerers
  6 deep elf zephyrmancers
  A manticore (shapeshifter) (Lair:5)
  3 manticores
  3 cyclopes
  A will-o-the-wisp (Swamp:2)
  5 smoke demons
  2 ice statues (Swamp:1)
  A black mamba (Lair:5)
  2 black mambas (shapeshifter) (D:15)
  3 elephants (Lair:5)
  7 torpor snails
  A gargoyle (D:14)
  11 cane toads
  Maggie (D:7)
  6 kobold demonologists
  11 demonic crawlers
  3 ancient zymes (Lair:5)
  17 rime drakes (IceCv)
  2 tengu conjurers
  11 komodo dragons
  8 trolls
  A red devil (Gauntlet)
  3 hornets
  17 polar bears
  A meliai (shapeshifter) (Lair:5)
  18 tarantellas
  7 meliai
  A tyrant leech (shapeshifter) (D:14)
  8 tyrant leeches
  4 dream sheep (Lair:3)
  19 slime creatures
  15 blink frogs (Lair:5)
  28 jumping spiders
  23 culicivoras
  3 shadows (Gauntlet)
  4 spriggans
  A vampire (D:10)
  A ynoxinul (Lair:5)
  5 wraiths
  3 wyverns
  28 yaks
  3 basilisks (Lair:5)
  4 fire elementals
  A hog (shapeshifter) (D:15)
  A chaos spawn (Lair:5)
  31 redbacks
  2 steam dragons (Lair:1)
  7 vampire mosquitoes
  Menkaure (D:5)
  A spectral komodo dragon (Gauntlet)
  2 wargs (Orc:2)
  A large abomination (Lair:5)
  5 swamp worms
  Edmund (D:4)
  13 water moccasins
  4 hell hounds (D:12)
  Duvessa (D:5)
  A sky beast (D:4)
  An acid dragon (D:13)
  10 small abominations (Lair:5)
  3 swamp drakes
  An ice beast (D:6)
  2 black bears
  43 orc warriors
  11 wolves
  14 ogres
  16 centaurs
  8 kobold brigands
  5 scorpions
  2 gnoll sergeants
  11 bullfrogs
  2 necrophages
  Dowan (D:5)
  10 wights
  9 killer bees
  4 howler monkeys
  3 electric eels
  3 crimson imps (Gauntlet)
  25 orc priests
  4 jellies
  3 gnoll boudas
  7 hounds
  A hell rat (Lair:1)
  2 iguanas (D:6)
  22 orc wizards
  Ijyb (D:5)
  6 adders
  29 gnolls
  2 shadow imps
  A white imp (D:7)
  2 worms (D:3)
  4 dart slugs
  103 orcs
  6 ball pythons
  2 bats
  5 endoplasms
  5 giant cockroaches
  8 goblins
  5 hobgoblins
  2 jackals (D:3)
  7 quokkas
  3 frilled lizards
  19 kobolds
  3 rats
985 creatures vanquished.

Vanquished Creatures (collateral kills)
  A stone giant (D:15)
  3 two-headed ogres (D:15)
  An orc (D:9)
5 creatures vanquished.

Vanquished Creatures (others)
  A shadow (D:12)
  An electric eel (D:12)
  4 foxfires (Swamp:2)
  13 fungi
  87 plants
106 creatures vanquished.

Grand Total: 1096 creatures vanquished

Notes
Turn   | Place    | Note
-------+----------+-------------------------------------------
     0 | D:1      | Ijustatesigmund the Gnoll Fighter began the quest for the
                  | Orb.
     0 | D:1      | Reached XP level 1. HP: 23/23 MP: 1/1
    50 | D:1      | Reached XP level 2. HP: 24/29 MP: 2/2
   422 | D:2      | Reached XP level 3. HP: 34/35 MP: 3/3
   601 | D:2      | Reached skill level 1 in Invocations
   660 | D:2      | Found a faded altar of an unknown god.
   908 | D:3      | Reached skill level 1 in Short Blades
   908 | D:3      | Reached skill level 1 in Long Blades
   908 | D:3      | Reached skill level 1 in Maces & Flails
   908 | D:3      | Reached skill level 1 in Polearms
   908 | D:3      | Reached skill level 1 in Staves
   908 | D:3      | Reached skill level 1 in Ranged Weapons
   908 | D:3      | Reached skill level 1 in Throwing
   908 | D:3      | Reached skill level 1 in Dodging
   908 | D:3      | Reached skill level 1 in Stealth
   908 | D:3      | Reached skill level 1 in Unarmed Combat
   908 | D:3      | Reached skill level 1 in Spellcasting
   908 | D:3      | Reached skill level 1 in Evocations
   962 | D:3      | Reached XP level 4. HP: 41/41 MP: 5/5
   964 | D:3      | Reached skill level 1 in Conjurations
   964 | D:3      | Reached skill level 1 in Hexes
   964 | D:3      | Reached skill level 1 in Summonings
   964 | D:3      | Reached skill level 1 in Necromancy
   964 | D:3      | Reached skill level 1 in Translocations
   964 | D:3      | Reached skill level 1 in Transmutations
   964 | D:3      | Reached skill level 1 in Fire Magic
   964 | D:3      | Reached skill level 1 in Ice Magic
   964 | D:3      | Reached skill level 1 in Air Magic
   964 | D:3      | Reached skill level 1 in Earth Magic
   964 | D:3      | Reached skill level 1 in Poison Magic
  1109 | D:3      | Noticed a black bear
  1124 | D:3      | Killed a black bear
  1125 | D:3      | Reached XP level 5. HP: 20/47 MP: 5/7
  1714 | D:3      | Reached XP level 6. HP: 41/53 MP: 8/8
  1722 | D:3      | Reached skill level 5 in Axes
  2460 | D:4      | Reached XP level 7. HP: 33/60 MP: 10/10
  2599 | D:4      | Identified the +4 ring mail of the Living Nightingale
                  | {Str+5}
  2645 | D:4      | Identified the +10 mace of Darkness {venom, Will+ rCorr
                  | Dex+2}
  2704 | D:4      | Noticed Edmund
  2712 | D:4      | Killed Edmund
  2819 | D:4      | Upgraded the game from 0.30-a0-305-g026cb31310 to
                  | 0.30-a0-311-gf115ab0292
  2904 | D:4      | Learned a level 1 spell: Magic Dart
  2966 | D:4      | Found an ornate altar of the Wu Jian Council.
  3370 | D:5      | Entered Level 5 of the Dungeon
  3383 | D:5      | Reached XP level 8. HP: 67/67 MP: 12/12
  3491 | D:5      | Noticed Menkaure
  3624 | D:5      | Killed Menkaure
  3742 | D:5      | Noticed Duvessa
  3811 | D:5      | Noticed Ijyb
  3816 | D:5      | Paralysed by Ijyb for 3 turns
  3820 | D:5      | Killed Ijyb
  4097 | D:5      | Noticed Dowan
  4103 | D:5      | Killed Duvessa
  4106 | D:5      | Killed Dowan
  4107 | D:5      | Reached XP level 9. HP: 41/73 MP: 14/14
  4874 | D:6      | Found a shadowy altar of Dithmenos.
  4909 | D:6      | Found a white marble altar of Elyvilon.
  4997 | D:6      | Noticed twist's ghost (novice GnCA)
  4998 | D:6      | Noticed a troll
  5025 | D:6      | Found a runed translucent gate.
  5026 | D:6      | Found a runed translucent gate.
  5027 | D:6      | Found a runed translucent gate.
  5605 | D:6      | Killed twist's ghost
  5606 | D:6      | Reached skill level 5 in Invocations
  5625 | D:6      | Killed a troll
  6044 | D:7      | Found an ancient bone altar of Kikubaaqudgha.
  6044 | D:7      | Found a radiant altar of Vehumet.
  6050 | D:7      | Found a shimmering altar of Xom.
  6075 | D:7      | Found a staircase to the Ecumenical Temple.
  6218 | Temple   | Entered the Ecumenical Temple
  6377 | Temple   | Became a worshipper of Cheibriados the Contemplative
  6468 | D:7      | Reached skill level 5 in Short Blades
  6468 | D:7      | Reached skill level 5 in Long Blades
  6468 | D:7      | Reached skill level 5 in Maces & Flails
  6468 | D:7      | Reached skill level 5 in Polearms
  6468 | D:7      | Reached skill level 5 in Staves
  6468 | D:7      | Reached skill level 5 in Ranged Weapons
  6468 | D:7      | Reached skill level 5 in Throwing
  6468 | D:7      | Reached skill level 5 in Dodging
  6468 | D:7      | Reached skill level 5 in Stealth
  6468 | D:7      | Reached skill level 5 in Unarmed Combat
  6468 | D:7      | Reached skill level 5 in Spellcasting
  6468 | D:7      | Reached skill level 5 in Evocations
  6468 | D:7      | Reached XP level 10. HP: 76/78 MP: 17/17
  6488 | D:7      | Noticed Maggie
  6502 | D:7      | Killed Maggie
  6782 | D:7      | Found a hazy altar of Hepliaklqana.
  7140 | D:7      | Found a sacrificial altar of Ru.
  7142 | D:7      | Found a glowing golden altar of the Shining One.
  7145 | D:7      | Found a glowing silver altar of Zin.
  7149 | D:7      | Found a bloodstained altar of Trog.
  7155 | D:7      | Found a sparkling altar of Nemelex Xobeh.
  7389 | D:8      | Noticed a deep elf pyromancer
  7395 | D:8      | Killed a deep elf pyromancer
  7441 | D:8      | Reached * piety under Cheibriados
  8526 | D:8      | Found Tiyjeam's Antique Armour Boutique.
  8535 | D:8      | Bought a pair of glowing boots for 120 gold pieces
  8890 | D:9      | Reached ** piety under Cheibriados
  8897 | D:9      | Found a flagged portal.
  8906 | Bailey   | Entered a bailey
  9123 | Bailey   | Reached skill level 5 in Conjurations
  9123 | Bailey   | Reached skill level 5 in Hexes
  9123 | Bailey   | Reached skill level 5 in Summonings
  9123 | Bailey   | Reached skill level 5 in Necromancy
  9123 | Bailey   | Reached skill level 5 in Translocations
  9123 | Bailey   | Reached skill level 5 in Transmutations
  9123 | Bailey   | Reached skill level 5 in Fire Magic
  9123 | Bailey   | Reached skill level 5 in Ice Magic
  9123 | Bailey   | Reached skill level 5 in Air Magic
  9123 | Bailey   | Reached skill level 5 in Earth Magic
  9123 | Bailey   | Reached skill level 5 in Poison Magic
  9123 | Bailey   | Reached XP level 11. HP: 88/89 MP: 20/20
  9138 | Bailey   | Noticed an orc knight
  9158 | Bailey   | Killed an orc knight
  9233 | Bailey   | Found a bloodstained altar of Trog.
  9243 | Bailey   | Identified the +8 war axe "Arbiter" {freeze, rPois rN++
                  | Int-2 Dex+3}
  9512 | D:9      | Identified the +2 trident "Jannyhea" {speed, rF+ Will+}
  9843 | D:9      | Learned a level 2 spell: Poisonous Vapours
  9874 | D:10     | Entered Level 10 of the Dungeon
  9973 | D:10     | Reached *** piety under Cheibriados
 10397 | D:10     | Found a staircase to the Orcish Mines.
 10420 | D:11     | Noticed Erolcha
 10424 | D:11     | Killed Erolcha
 10442 | D:11     | Noticed a sun demon
 10590 | D:11     | Found a staircase to the Lair.
 10948 | D:11     | Reached **** piety under Cheibriados
 11250 | D:11     | Noticed Nergalle
 11250 | D:11     | Noticed a cyclops
 11254 | D:11     | Killed Nergalle
 11256 | D:11     | Killed a cyclops
 11306 | D:11     | Reached XP level 12. HP: 97/97 MP: 20/22
 11966 | D:12     | Noticed a five-headed hydra
 11973 | D:12     | Killed an eight-headed hydra
 12099 | D:12     | Found Hyempic's Magic Scroll Emporium.
 12106 | D:12     | Bought a scroll of enchant weapon for 97 gold pieces
 12106 | D:12     | Bought a scroll of identify for 26 gold pieces
 12106 | D:12     | Bought a scroll of identify for 26 gold pieces
 12106 | D:12     | Bought a scroll of teleportation for 39 gold pieces
 12106 | D:12     | Bought a scroll of identify for 26 gold pieces
 12106 | D:12     | Bought a scroll of teleportation for 39 gold pieces
 12152 | D:12     | Noticed a boulder beetle
 12174 | D:12     | Killed a boulder beetle
 12379 | D:12     | Reached skill level 10 in Fighting
 12379 | D:12     | Reached skill level 10 in Armour
 12379 | D:12     | Reached skill level 10 in Shields
 12381 | D:12     | Noticed Azrael
 12396 | D:12     | Killed Azrael
 12497 | D:12     | Reached ***** piety under Cheibriados
 12717 | D:12     | HP: 1/97 [deep elf zephyrmancer/bolt of lightning (27)]
 13475 | D:12     | Noticed a centaur warrior
 13480 | D:12     | Killed a centaur warrior
 13610 | D:13     | Noticed a two-headed ogre
 13615 | D:13     | Killed a two-headed ogre
 13616 | D:13     | Reached XP level 13. HP: 69/104 MP: 21/25
 13720 | D:13     | Noticed Snorg
 13734 | D:13     | Killed Snorg
 14262 | D:13     | Noticed Urug
 14264 | D:13     | Found a gate to the Vaults.
 14362 | D:13     | Learned a level 3 spell: Mephitic Cloud
 14425 | D:13     | Killed Urug
 14579 | D:13     | Noticed Sonja
 14590 | D:13     | Killed Sonja
 14626 | D:13     | Reached skill level 10 in Axes
 15025 | D:14     | Noticed a bunyip
 15025 | D:14     | a bunyip changed into a tyrant leech
 15109 | D:14     | Noticed Agnes
 15116 | D:14     | Killed Agnes
 15583 | D:14     | Reached skill level 10 in Invocations
 15583 | D:14     | Reached XP level 14. HP: 79/113 MP: 27/27
 15745 | D:15     | Entered Level 15 of the Dungeon
 16119 | D:15     | Found a staircase to the Depths.
 16119 | D:15     | Noticed a stone giant
 16510 | D:15     | HP: 3/113 [stone giant (4)]
 16515 | D:15     | Killed a stone giant
 16938 | Lair:1   | Entered Level 1 of the Lair of Beasts
 16954 | Lair:1   | Found a transporter.
 16960 | Lair:1   | Found a transporter.
 17038 | Lair:1   | Noticed foxfromabyss's ghost (journeyman KoBe)
 17238 | Lair:1   | Reached skill level 10 in Short Blades
 17238 | Lair:1   | Reached skill level 10 in Long Blades
 17238 | Lair:1   | Reached skill level 10 in Maces & Flails
 17238 | Lair:1   | Reached skill level 10 in Polearms
 17238 | Lair:1   | Reached skill level 10 in Staves
 17238 | Lair:1   | Reached skill level 10 in Ranged Weapons
 17238 | Lair:1   | Reached skill level 10 in Throwing
 17238 | Lair:1   | Reached skill level 10 in Dodging
 17238 | Lair:1   | Reached skill level 10 in Stealth
 17238 | Lair:1   | Reached skill level 10 in Unarmed Combat
 17238 | Lair:1   | Reached skill level 10 in Spellcasting
 17238 | Lair:1   | Reached skill level 10 in Evocations
 17553 | Lair:1   | Reached ****** piety under Cheibriados
 17689 | Lair:2   | Found a staircase to the Swamp.
 17721 | Lair:2   | Found a gate leading to a gauntlet.
 17745 | Gauntlet | Entered a Gauntlet
 17745 | Gauntlet | Found a transporter.
 17745 | Gauntlet | Found a transporter.
 17745 | Gauntlet | Found a transporter.
 17786 | Gauntlet | Found a transporter.
 17790 | Gauntlet | Found a transporter.
 17830 | Gauntlet | Reached XP level 15. HP: 115/120 MP: 29/29
 17854 | Gauntlet | Found a transporter.
 17870 | Gauntlet | Found a transporter.
 17893 | Gauntlet | Found a transporter.
 17899 | Gauntlet | Identified the +1 pair of gloves "Epni" {rC+ Dex+4}
 17915 | Gauntlet | Found a transporter.
 17988 | Gauntlet | Found a transporter.
 17997 | Gauntlet | Identified the ring of Vamice {Fly rCorr Str+4 Slay+4}
 18029 | Gauntlet | Got the Grimoire of the Incandescent Chill
 18621 | Lair:3   | Found a shimmering altar of Xom.
 18725 | Lair:3   | Found a hole to the Spider Nest.
 18844 | Lair:3   | Identified a scroll of acquirement
 18845 | Lair:3   | Acquired 947 gold pieces
 19392 | Lair:4   | Identified the +3 scale mail "Hudwab" {rF+++ Str-4 Dex+3
                  | Slay+2}
 19418 | Lair:4   | Learned a level 3 spell: Stone Arrow
 19657 | Lair:4   | Found a staircase to the Slime Pits.
 20098 | Lair:5   | Entered Level 5 of the Lair of Beasts
 20108 | Lair:5   | Noticed Nessos
 20120 | Lair:5   | Killed Nessos
 20176 | Lair:5   | Acquired 595 gold pieces
 20346 | Lair:5   | Noticed Josephine
 20365 | Lair:5   | Killed Josephine
 21154 | Lair:5   | Found a corrupted altar of Lugonu.
 21154 | Lair:5   | Found a one-way gate to the infinite horrors of the Abyss.
 21688 | Orc:1    | Entered Level 1 of the Orcish Mines
 21788 | Orc:1    | Found Moilaxy's Jewellery Emporium.
 22426 | Orc:2    | Entered Level 2 of the Orcish Mines
 22437 | Orc:2    | Reached XP level 16. HP: 129/129 MP: 30/30
 22805 | Orc:2    | Found a staircase to the Elven Halls.
 22905 | Orc:2    | Reached skill level 10 in Hexes
 23086 | Orc:2    | Found Faoshoza's Antique Armour Shoppe.
 23120 | Orc:2    | Found Nifus's General Store.
 23557 | Orc:2    | Found Xuir's General Store.
 23588 | Orc:2    | Bought a potion of curing for 36 gold pieces
 23594 | Orc:2    | Found Oroleyda's Antique Armour Shoppe.
 23848 | Spider:1 | Entered Level 1 of the Spider Nest
 24737 | Spider:2 | You are sucked into a shaft and drop 1 floor!
 25699 | Spider:4 | Entered Level 4 of the Spider Nest
 25730 | Spider:4 | Reached XP level 17. HP: 133/137 MP: 32/32
 25855 | Spider:4 | Reached skill level 10 in Conjurations
 25855 | Spider:4 | Reached skill level 10 in Summonings
 25855 | Spider:4 | Reached skill level 10 in Necromancy
 25855 | Spider:4 | Reached skill level 10 in Translocations
 25855 | Spider:4 | Reached skill level 10 in Transmutations
 25855 | Spider:4 | Reached skill level 10 in Fire Magic
 25855 | Spider:4 | Reached skill level 10 in Ice Magic
 25855 | Spider:4 | Reached skill level 10 in Air Magic
 25855 | Spider:4 | Reached skill level 10 in Earth Magic
 25855 | Spider:4 | Reached skill level 10 in Poison Magic
 26199 | Spider:4 | Got a gossamer rune of Zot
 27033 | Swamp:1  | Entered Level 1 of the Swamp
 27299 | Swamp:1  | Found a frozen archway.
 27326 | IceCv    | Entered an ice cave
 27411 | IceCv    | HP: 3/138 [ironbound frostheart/creeping frost[an orange
                  | crystal statue] (19)]
 27649 | IceCv    | Noticed a shard shrike
 27660 | IceCv    | Killed a shard shrike
 27830 | IceCv    | Reached XP level 18. HP: 145/145 MP: 34/34
 28873 | Swamp:2  | Found a transporter.
 28890 | Swamp:2  | Found a transporter.
 28928 | Swamp:2  | Slain by a spriggan berserker

Illustrated notes

Levels and vault maps discovered:
D:1:      tarquinn_simple_flora_water_e, layout_rooms, minmay_tree_intersection
D:2:      layout_rooms, shapermc_ecumenical_altar_ellora, due_unseen_surprise
D:3:      layout_basic, kennysheep_generic_room_13
D:4:      minmay_general_purpose_star, layout_loops_cross,
          nzn_wu_jian_council_hall, eino_tiny_chamber, hangedman_feature_mirror,
          uniq_edmund
D:5:      layout_cave_pools, serial_rivers, chequers_serial_rivers_small_b,
          chequers_serial_rivers_small_a, chequers_serial_rivers_small_b,
          chequers_serial_rivers_large_b, chequers_serial_rivers_micro_e,
          uniq_duvessa, uniq_menkaure, uniq_ijyb
D:6:      layout_basic, nicolae_overflow_hidden_temple,
          mainiacjoe_overflow_tiny_flanked, gammafunk_ghost_split,
          hangedman_decor_push, nicolae_fountain_basement
D:7:      layout_basic, nicolae_overflow_hallway_of_the_gods,
          nicolae_hepliaklqana_hippocampus, minmay_temple_entry_hall,
          uniq_maggie
D:8:      layout_basic, serial_shops, nicolae_shop_trees, chequers_avenue,
          minmay_misc_feat_secret_circle
D:9:      layout_loops_cross, enter_bailey_4, serial_rivers,
          chequers_serial_rivers_micro_c, chequers_serial_rivers_small_a,
          chequers_serial_rivers_small_b, chequers_serial_rivers_micro_e,
          chequers_serial_rivers_small_b
D:10:     layout_big_octagon
D:11:     layout_irregular_city, david_lair_shrubbed, uniq_erolcha,
          uniq_nergalle
D:12:     layout_basic, serial_shops, nicolae_shop_behind_doors,
          elves_outpost_lemuel, uniq_azrael
D:13:     layout_basic, david_vaults_1, minmay_joined_circles, uniq_urug,
          uniq_snorg, uniq_sonja
D:14:     layout_gridville, hangedman_decor_clover_reticule, uniq_agnes
D:15:     grunt_enter_depths_snipers, layout_gridville, minivault_24,
          chequers_serial_rivers_micro_a
Temple:   hellmonk_temple_flake
Lair:1:   layout_roguey, nzn_ghost_randoct, nicolae_lair_lakeside_cave
Lair:2:   layout_roguey, swamp_mist, gauntlet_entry_generic, serial_bayou_lake_a
Lair:3:   layout_loops_ring, dummy_spider_entry, basic_altar,
          grunt_megastairs_3, serial_bayou_shore_a
Lair:4:   layout_gridlike, dpeg_slime_entry_corner
Lair:5:   hellmonk_lair_end_abyssal_woods, layout_cave_pods,
          serial_bayou_crossing, uniq_josephine, uniq_nessos
Swamp:1:  layout_basic_swamp, portal_ice_cave_entry_ice_statue_two,
          evilmike_swamp_ruin_house_5, swamp_pool1
Swamp:2:  gammafunk_sealed_arena, layout_basic_swamp,
          evilmike_swamp_ruin_house_6
Spider:1: layout_spider_delve
Spider:2: layout_spider_delve
Spider:3: layout_spider_delve, hellmonk_test_site
Spider:4: hellmonk_spider_rune_bug_friends
Orc:1:    nicolae_orc_accident_3, layout_diamond_mine, serial_shops,
          nicolae_square_shop, lightli_orcish_oven
Orc:2:    pubby_orc_utopia, serial_shops

Skill      XL: |  1  2  3  4  5  6  7  8  9 10 11 12 13 14 15 16 17 18 |
---------------+-------------------------------------------------------+-----
Invocations    | 1 2 3 4 5 6 7 8 10 11 12 13 | 13.8
Short Blades   | 1 2 3 5 6 7 8 9 10 11 12 | 12.7
Long Blades    | 1 2 3 5 6 7 8 9 10 11 12 | 12.7
Maces & Flails | 1 2 3 5 6 7 8 9 10 11 12 | 12.7
Polearms       | 1 2 3 5 6 7 8 9 10 11 12 | 12.7
Staves         | 1 2 3 5 6 7 8 9 10 11 12 | 12.7
Ranged Weapons | 1 2 3 5 6 7 8 9 10 11 12 | 12.7
Throwing       | 1 2 3 5 6 7 8 9 10 11 12 | 12.7
Dodging        | 1 2 3 5 6 7 8 9 10 11 12 | 12.7
Stealth        | 1 2 3 5 6 7 8 9 10 11 12 | 12.7
Unarmed Combat | 1 2 3 5 6 7 8 9 10 11 12 | 12.7
Spellcasting   | 1 2 3 5 6 7 8 9 10 11 12 | 12.7
Evocations     | 1 2 3 5 6 7 8 9 10 11 12 | 12.7
Conjurations   | 1 2 3 4 5 6 7 8 9 10 | 10.7
Hexes          | 1 2 3 4 5 6 7 8 9 11 12 | 12.5
Summonings     | 1 2 3 4 5 6 7 8 9 10 | 10.7
Necromancy     | 1 2 3 4 5 6 7 8 9 10 | 10.7
Translocations | 1 2 3 4 5 6 7 8 9 10 | 10.7
Transmutations | 1 2 3 4 5 6 7 8 9 10 | 10.7
Fire Magic     | 1 2 3 4 5 6 7 8 9 10 | 10.7
Ice Magic      | 1 2 3 4 5 6 7 8 9 10 | 10.7
Air Magic      | 1 2 3 4 5 6 7 8 9 10 | 10.7
Earth Magic    | 1 2 3 4 5 6 7 8 9 10 | 10.7
Poison Magic   | 1 2 3 4 5 6 7 8 9 10 | 10.7
Axes           | 5 6 7 8 9 10 11 12 13 | 13.4
Fighting       | 7 8 9 10 11 12 13 14 | 14.1
Armour         | 7 8 9 10 11 12 13 14 | 14.1
Shields        | 7 8 9 10 11 12 13 14 | 14.1

Action                   |  1- 3 |  4- 6 |  7- 9 | 10-12 | 13-15 | 16-18 || total
-------------------------+-------+-------+-------+-------+-------+-------++-------
Melee: War axe           |    17 |       |       |   218 |   736 |   854 ||  1825
       Hand axe          |    45 |    83 |     2 |       |       |       ||   130
       Bite              |     5 |     7 |    30 |    61 |   122 |   152 ||   377
       Mace              |       |       |   230 |   201 |    16 |     5 ||   452
Throw: Javelin           |     4 |    11 |    10 |     7 |     4 |     8 ||    44
       Throwing net      |       |     2 |       |       |       |       ||     2
 Cast: Poisonous Vapours |       |       |       |     1 |     1 |       ||     2
       Magic Dart        |       |       |       |     1 |       |       ||     1
       Stone Arrow       |       |       |       |       |     2 |       ||     2
Invok: Bend Time         |       |       |       |     3 |     1 |       ||     4
       Slouch            |       |       |       |       |     5 |     7 ||    12
       Step From Time    |       |       |       |       |       |     2 ||     2
Evoke: Wand              |       |       |       |    15 |     6 |     6 ||    27
  Use: Scroll            |       |       |     4 |    26 |    16 |     7 ||    53
       Potion            |       |       |     3 |     7 |     4 |     7 ||    21
 Stab: Sleeping          |       |       |     3 |     6 |    33 |    52 ||    94
       Distracted        |       |       |       |     3 |     5 |     4 ||    12
       Paralysed         |       |       |       |       |     7 |     1 ||     8
       Invisible         |       |       |       |       |     2 |       ||     2
Armor: Scale mail        |    22 |    41 |     1 |       |       |       ||    64
       Ring mail         |       |       |   100 |   190 |   164 |   172 ||   626
Dodge: Dodged            |    19 |    40 |   121 |   387 |   440 |   677 ||  1684
       Repelled          |       |       |       |       |     2 |    14 ||    16
Block: Buckler           |    12 |    21 |    81 |   196 |       |       ||   310
       Kite shield       |       |       |       |    66 |   561 |   784 ||  1411

Table legend: (Time is in decaauts)
 A = Elapsed time spent in this place.
 B = Non-inter-level travel time spent in this place.
 C = Inter-level travel time spent in this place.
 D = Time resting spent in this place.
 E = Time spent auto-exploring this place.
 F = Levels seen in this place.
 G = Mean time per level.
                   A        B        C        D        E       F      G
               +--------+--------+--------+--------+--------+-----+--------+
         Total |  41372 |  39177 |   2195 |   5320 |  25649 |  32 | 1292.9 |
       Dungeon |  20111 |  19266 |    845 |   4453 |  11411 |  15 | 1340.7 |
        Temple |    173 |    141 |     32 |      0 |    129 |   1 |  173.0 |
          Lair |   8048 |   7425 |    623 |    165 |   5879 |   5 | 1609.6 |
         Swamp |   2023 |   1914 |    109 |     62 |   1337 |   2 | 1011.5 |
   Spider Nest |   5261 |   4807 |    454 |    355 |   3395 |   4 | 1315.2 |
  Orcish Mines |   3642 |   3512 |    130 |     43 |   2697 |   2 | 1821.0 |
        Bailey |    445 |    445 |      0 |     89 |    140 |   1 |  445.0 |
      Ice Cave |   1084 |   1084 |      0 |    122 |    507 |   1 | 1084.0 |
      Gauntlet |    581 |    581 |      0 |     30 |    152 |   1 |  581.0 |
               +--------+--------+--------+--------+--------+-----+--------+

Top non-repeatable levels by time:
  Lair:5: 2439 daAuts
   Orc:2: 2309 daAuts
    D:11: 2307 daAuts
Spider:4: 1843 daAuts
  Lair:4: 1818 daAuts
    D:15: 1698 daAuts
    D:14: 1681 daAuts
Spider:1: 1626 daAuts
    D:12: 1596 daAuts
     D:7: 1594 daAuts
     D:8: 1584 daAuts
    D:13: 1517 daAuts
  Lair:3: 1492 daAuts
     D:4: 1419 daAuts
     D:6: 1408 daAuts
